 Dungeon Crawl Stone Soup version 0.30-a0-358-g0d69a1922f (webtiles) character file.

Game seed: 4797637044054956290

963 Elric the Cudgeller (level 7, -1/61 HPs)
             Began as a Black Draconian Fighter on Nov 9, 2022.
             Was a Follower of Qazlal.
             Succumbed to a water moccasin's poison
             ... on level 6 of the Dungeon.
             The game lasted 00:09:11 (5330 turns).

Elric the Cudgeller (Black Draconian Fighter)       Turns: 5330, Time: 00:09:12

Health: -1/61      AC:  7    Str: 20    XL:     7   Next: 92%
Magic:  3/7        EV: 12    Int:  9    God:    Qazlal [*.....]
Gold:   407        SH:  6    Dex: 10    Spells: 6/6 levels left

rFire   . . .      SeeInvis .    a - +0 morningstar
rCold   . . .      Faith    .    b - +0 buckler
rNeg    . . .      Spirit   +    (body armour unavailable)
rPois   .          Reflect  .    (helmet restricted)
rElec   +          Harm     .    (no cloak)
rCorr   .          Rampage  .    (no gloves)
Will    .....                    C - +0 pair of boots
Stlth   +.........               u - amulet of guardian spirit
HPRegen 0.30/turn                (no ring)
MPRegen 0.10/turn                (no ring)

@: mighty, lethally poisoned (-1 -> -38)
A: breathe lightning, AC +6, unfitting armour, electricity resistance,
cold-blooded
a: Breathe Lightning, Renounce Religion


You were on level 6 of the Dungeon.
You worshipped Qazlal.
Qazlal was aware of your devotion.
You visited 2 branches of the dungeon, and saw 7 of its levels.

You collected 407 gold pieces.

Inventory:

Hand Weapons
 a - a +0 morningstar (weapon)
 k - a +0 whip
 r - a +0 flail of protection
Missiles
 v - 3 silver javelins (quivered)
Armour
 b - a +0 buckler (worn)
 C - a +0 pair of boots (worn)
Jewellery
 u - an amulet of guardian spirit (around neck)
Scrolls
 d - 2 scrolls of noise {unknown}
 e - 6 scrolls of identify {unknown}
 g - 2 scrolls of silence {unknown}
 h - 2 scrolls of acquirement {unknown}
 i - a scroll of enchant armour {unknown}
 j - a scroll of vulnerability {unknown}
 n - a scroll of fear {unknown}
 o - a scroll of fog {unknown}
 q - 2 scrolls of brand weapon {unknown}
 s - a scroll of immolation {unknown}
 w - 2 scrolls of blinking {unknown}
 x - 3 scrolls of magic mapping {unknown}
 y - 2 scrolls of teleportation {unknown}
 A - a scroll of amnesia {unknown}
 B - a scroll of enchant weapon {unknown}
Potions
 c - a potion of might
 f - 3 potions of degeneration
 l - 3 potions of lignification
 D - a potion of resistance {unknown}


   Skills:
 - Level 5.1 Fighting
 + Level 7.0 Maces & Flails
 - Level 4.1 Dodging
 - Level 4.5 Shields


You had 6 spell levels left.
You didn't know any spells.
Your spell library contained the following spells:

 Spells                   Type           Power      Damage    Failure   Level
 Ignite Poison            Fire/Tmut/Pois 0%         N/A       83%         3
 Kindle Blastsparks       Fire/Tloc/Air  0%         2d10      83%         3
 Freezing Cloud           Conj/Ice/Air   0%         6-21      100%        5


Dungeon Overview and Level Annotations

Branches:
Dungeon (6/15)             Temple (1/1) D:4

Altars:
Cheibriados
Fedhas
Hepliaklqana
Makhleb
Nemelex Xobeh
Okawaru
Qazlal
Ru
Sif Muna
Vehumet
Wu Jian
Zin
The Shining One

Shops:
D:3 *   D:5 [


Innate Abilities, Weirdness & Mutations

You can breathe wild blasts of lightning.
Your glossy black scales are hard. (AC +6)
You cannot fit into any form of body armour.
You are resistant to electric shocks. (rElec)
You are cold-blooded and may be slowed by cold attacks.


Message History

You are more poisoned.
The water moccasin poisons you!
You closely miss the water moccasin.
The water moccasin is lightly wounded.
You feel extremely sick. The hound bites you.
The water moccasin closely misses you. The hound misses you.
The water moccasin bites you!
You miss the water moccasin.
The water moccasin is lightly wounded.
You feel very sick. The hound closely misses you. The water moccasin bites you.
The hound closely misses you.
A black bear comes into view.
You are too injured to fight recklessly!
You feel very sick. You block the water moccasin's attack.
The water moccasin bites you but does no damage.
The water moccasin attacks as you move away!
The water moccasin barely misses you.
You feel very sick. The hound bites you but does no damage.
You feel very mighty all of a sudden.
You feel sick. The hound barely misses you.
The water moccasin barely misses you.
You hit the water moccasin.
Your tail-slap misses the water moccasin.
The water moccasin is moderately wounded.
The sentinel's mark upon you fades away.
You feel sick. The hound closely misses you. The water moccasin bites you.
* * * LOW HITPOINT WARNING * * *
You are lethally poisoned!
The water moccasin poisons you! The hound bites you.
* * * LOW HITPOINT WARNING * * *
The water moccasin bites you.
* * * LOW HITPOINT WARNING * * *
You are more poisoned.
The water moccasin poisons you!
You sock the water moccasin!
The water moccasin is severely wounded.
You die...

..................#
..............(...# ..
.......<..........# ...
.....#####........######+#...
.....# #..............(....
###### #########........?..
........#...........
........#...........
.......@#...........
.....[Sh####'####...
........h..h....# ..
####....##......#
#....##...?..+ #.....#......#
+.....#......# #.....#......#
#.....#......#


You could see a water moccasin, a black bear and a hound.

Vanquished Creatures
  A water moccasin (D:5)
  A sky beast (D:6)
  An ice beast (D:5)
  A bullfrog (D:6)
  A necrophage (D:4)
  A scorpion (D:5)
  3 hounds
  A jelly (D:5)
  5 iguanas
  Terence (D:2)
  An orc wizard (D:5)
  Robin (D:2)
  8 adders
  A shadow imp (D:5)
  5 worms
  2 dart slugs
  5 orcs
  4 ball pythons
  7 endoplasms
  6 hobgoblins
  2 jackals (D:3)
  8 kobolds
  2 quokkas
  4 bats
  A frilled lizard (D:1)
  13 goblins
  4 rats
90 creatures vanquished.

Vanquished Creatures (others)
  A withered plant (D:3)
1 creature vanquished.

Grand Total: 91 creatures vanquished

Notes
Turn   | Place    | Note
-------+----------+-------------------------------------------
     0 | D:1      | Elric the Draconian Fighter began the quest for the Orb.
     0 | D:1      | Reached XP level 1. HP: 19/19 MP: 1/1
   183 | D:1      | Reached XP level 2. HP: 26/26 MP: 2/2
   708 | D:2      | Reached XP level 3. HP: 33/33 MP: 3/3
   766 | D:2      | Noticed Robin
   782 | D:2      | Killed Robin
  1081 | D:2      | Reached XP level 4. HP: 28/40 MP: 4/4
  1443 | D:2      | Noticed Terence
  1463 | D:2      | Killed Terence
  1691 | D:3      | Reached skill level 3 in Maces & Flails
  1691 | D:3      | Reached XP level 5. HP: 44/46 MP: 5/5
  1800 | D:3      | Found Hutayhenn's Assorted Antiques.
  1805 | D:3      | Found a faded altar of an unknown god.
  1813 | D:3      | Found a sacrificial altar of Ru.
  2493 | D:3      | Found an iron altar of Okawaru.
  2612 | D:4      | Found a staircase to the Ecumenical Temple.
  2664 | Temple   | Entered the Ecumenical Temple
  2979 | Temple   | Became a worshipper of Qazlal Stormbringer
  3018 | D:5      | Entered Level 5 of the Dungeon
  3725 | D:4      | Reached XP level 6. HP: 15/54 MP: 6/6
  4000 | D:5      | Noticed an ice beast
  4013 | D:5      | Killed an ice beast
  4014 | D:5      | Reached skill level 5 in Fighting
  4087 | D:5      | Reached skill level 4 in Maces & Flails
  4174 | D:5      | Found Xoteilup's Armour Emporium.
  4204 | D:5      | Your scales start taking on a glossy black colour.
  4204 | D:5      | Reached XP level 7. HP: 59/61 MP: 7/7
  4204 | D:5      | Gained mutation: You are resistant to electric shocks.
                  | (rElec) [Black Draconian growth]
  4479 | D:5      | Reached skill level 5 in Maces & Flails
  4567 | D:5      | Found a burning altar of Makhleb.
  4620 | D:5      | HP: 3/61 [water moccasin (3)]
  4628 | D:5      | Reached skill level 6 in Maces & Flails
  4859 | D:5      | Reached * piety under Qazlal
  5315 | D:6      | Reached skill level 7 in Maces & Flails
  5330 | D:6      | Succumbed to a water moccasin's poison

Illustrated notes

Levels and vault maps discovered:
D:1:      dreamdust_arrival_sigmund_warning, layout_basic
D:2:      layout_basic, uniq_robin, uniq_terence
D:3:      layout_loops_ring, mainiacjoe_overflow_tiny_flanked, okawaru_trees_2,
          ebering_ecumenical_altar_petrified, serial_shops, shop,
          serial_park_tiny_pond, grunt_decor_one_mirror
D:4:      layout_basic, minmay_temple_entry_hall
D:5:      cheibrodos_iron_armory, layout_loops_ring, lightli_temple_of_fire,
          nicolae_overflow_hidden_temple, serial_shops, shop_coins
D:6:      layout_gridville, kennysheep_little_box, kennysheep_mini
Temple:   nicolae_temple_bog_church

Skill      XL: |  1  2  3  4  5  6  7 |
---------------+----------------------+-----
Dodging        | 3 4 |  4.1
Fighting       | 4 5 |  5.1
Maces & Flails | 3 4 7 |  7.0
Shields        | 4 |  4.5

Action                   |  1- 3 |  4- 6 |  7- 9 || total
-------------------------+-------+-------+-------++-------
Melee: Flail             |    77 |   210 |    67 ||   354
       Tailslap          |     7 |    30 |     7 ||    44
       Morningstar       |       |       |    21 ||    21
Throw: Javelin           |       |       |     2 ||     2
 Abil: Breathe Lightning |       |       |     3 ||     3
  Use: Potion            |     1 |     5 |     6 ||    12
 Stab: Distracted        |     1 |       |       ||     1
       Sleeping          |       |     1 |       ||     1
Armor: Skin              |    26 |    86 |    50 ||   162
Dodge: Dodged            |    37 |   128 |    65 ||   230
Block: Buckler           |    21 |    56 |    23 ||   100

Table legend: (Time is in decaauts)
 A = Elapsed time spent in this place.
 B = Non-inter-level travel time spent in this place.
 C = Inter-level travel time spent in this place.
 D = Time resting spent in this place.
 E = Time spent auto-exploring this place.
 F = Levels seen in this place.
 G = Mean time per level.
                   A        B        C        D        E       F      G
               +--------+--------+--------+--------+--------+-----+--------+
         Total |   5453 |   4936 |    517 |    275 |   3781 |   7 |  779.0 |
       Dungeon |   5115 |   4753 |    362 |    275 |   3610 |   6 |  852.5 |
        Temple |    338 |    184 |    154 |      0 |    171 |   1 |  338.0 |
               +--------+--------+--------+--------+--------+-----+--------+

Top non-repeatable levels by time:
     D:4: 1119 daAuts
     D:2: 1116 daAuts
     D:5: 1115 daAuts
     D:3: 974 daAuts
     D:1: 633 daAuts
  Temple: 338 daAuts
     D:6: 157 daAuts
